AoeStats
← 魏武之风

MegaRandom

506061504Analyzed
2v2 RM · 21d ago on Sep 12, 2026· 41m 15s· 4 players
Game mode
Random Map
Map size
Medium (4 player)
Population
200
Speed
Normal
Resources
Standard
Victory
Conquest
Starting age
Dark Age
Ending age
Imperial Age
RankedLock teamsTeams togetherTeam positionsShared explorationLock speedFull tech treeHidden civsTurbo modeCheats
Victory
Defeat
🇨🇳 Japanese · China
932
+17
🇨🇳 Wei · China
927
+17
🇬🇧 Maya · United Kingdom
958
-18
🇪🇸 Britons · Spain
929
-40
怪味胡豆妹儿
9:08 Loom
11:11 Feudal Age
11:50 Double-Bit Axe
11:48 Horse Collar
15:06 Padded Archer Armor
17:37 Fletching
17:37 Town Watch
22:41 Castle Age
22:42 Elite Skirmisher
23:57 Leather Archer Armor
24:44 Bodkin Arrow
25:19 Scale Mail Armor
27:02 Wheelbarrow
27:16 Forging
30:10 Pikeman
30:50 Squires
31:08 Squires
33:01 Town Patrol
33:44 Ballistics
35:31 Hand Cart
35:38 Heavy Plow
35:52 Bow Saw
39:27 Imperial Age
38:17 Chain Mail Armor
38:53 Gold Mining
40:55 Iron Casting
40:11 Gambesons
40:12 Arson
39:48 Halberdier
42:06 Ring Archer Armor
41:37 Bracer
魏武之风
0:27 Loom
11:43 Feudal Age
12:50 Double-Bit Axe
13:00 Horse Collar
20:39 Castle Age
19:20 Gold Mining
19:59 Stone Mining
21:38 Bow Saw
21:38 Heavy Plow
22:48 Husbandry
23:00 Bloodlines
24:34 Forging
25:23 Squires
25:39 Elite Skirmisher
27:57 Wheelbarrow
27:09 Town Watch
28:36 Scale Mail Armor
28:47 Scale Barding Armor
30:27 Murder Holes
31:16 Chain Barding Armor
32:13 Iron Casting
33:12 Tuntian
33:36 Hand Cart
33:22 Town Patrol
35:36 Chain Mail Armor
35:22 Padded Archer Armor
35:12 Fletching
35:10 Arson
34:59 Light Cavalry
36:27 Coinage
36:02 Caravan
37:19 Stone Shaft Mining
37:24 Gold Shaft Mining
38:49 Leather Archer Armor
38:29 Bodkin Arrow
39:50 Pikeman
Dugstep1876
9:29 Loom
11:15 Feudal Age
17:00 Castle Age
15:09 Fletching
15:36 Double-Bit Axe
20:45 Forging
21:06 Crossbowman
23:15 Padded Archer Armor
34:53 Bodkin Arrow
40:24 Leather Archer Armor
Abuelolocooo!!!!
10:18 Feudal Age
13:06 Gold Mining
13:15 Double-Bit Axe
15:27 Wheelbarrow
15:40 Stone Mining
22:51 Castle Age
25:03 Bow Saw
26:07 Hand Cart
26:46 Gold Shaft Mining
28:48 Horse Collar
32:13 Fortified Wall
33:03 Squires
32:23 Pikeman
34:49 Elite Skirmisher
38:15 Imperial Age
40:11 Chemistry
39:33 Halberdier
Connection lost

Rejoining the realm…

Still unreachable

The connection could not be restored.

Session expired

The server has moved on; the page needs a fresh start.